 Dungeon Crawl Stone Soup version 0.28-a0-1152-g9c71ebef14 (webtiles) character file.

Game seed: 5040146667491074878

3516 SensoryNuts the Carver (level 10, -10/69 HPs)
             Began as an Octopode Fighter on Dec 14, 2021.
             Mangled by Harold (22 damage)
             ... on level 7 of the Dungeon.
             The game lasted 00:10:24 (6251 turns).

SensoryNuts the Carver (Octopode Fighter)           Turns: 6251, Time: 00:10:25

Health: -10/69     AC:  1    Str: 22    XL:     10   Next: 8%
Magic:  10/10      EV: 20    Int: 10    God:
Gold:   275        SH:  5    Dex: 18    Spells: 9/9 levels left

rFire   + . .      SeeInvis .   o - +2 falchion (vorpal)
rCold   . . .      Faith    .   b - +0 buckler
rNeg    . . .      Spirit   .   (helmet restricted)
rPois   +          Reflect  .   (no amulet)
rElec   .          Harm     .   e - +4 ring of evasion
rCorr   +          Rampage  .   i - ring of resist corrosion
Will    +....                   n - +6 ring of dexterity
Stlth   +++++.....              p - ring of poison resistance
HPRegen 0.21/turn               (no ring)
MPRegen 0.12/turn               (no ring)
                                (no ring)
                                (no ring)

@: mighty, marked
A: almost no armour, amphibious, 8 rings, camouflage 1, gelatinous body 1,
(nimble swimmer 1), tentacles, fire resistance 1, strong-willed 1, strong 1,
MP-powered wands
a: no special abilities


You were on level 7 of the Dungeon.
You visited 1 branch of the dungeon, and saw 7 of its levels.

You collected 275 gold pieces.

Inventory:

Hand Weapons
 a - a +3 long sword
 d - a +1 dire flail of protection
 o - a +2 vorpal falchion (weapon)
Armour
 b - a +0 buckler (worn)
Jewellery
 e - a +4 ring of evasion (left tentacle)
 i - a ring of resist corrosion (right tentacle)
 k - an amulet of magic regeneration
 n - a +6 ring of dexterity (on tentacle)
 p - a ring of poison resistance (on tentacle)
 q - a ring of wizardry
Wands
 f - a wand of flame (16)
 j - a wand of paralysis (8)
Scrolls
 g - 3 scrolls of teleportation
 l - 3 scrolls of enchant armour
 t - 2 scrolls of identify
Potions
 c - a potion of curing
 m - a potion of lignification
Miscellaneous
 u - a piece from Xom's chessboard (15/15)


   Skills:
 + Level 6.4 Fighting
 + Level 9.7 Long Blades
 + Level 5.8 Dodging
 + Level 9.0 Stealth
 + Level 4.4 Shields


You had 9 spell levels left.
You didn't know any spells.
Your spell library contained the following spells:

 Spells                   Type           Power      Damage    Failure   Level
 Sublimation of Blood     Necr           0%         N/A       50%         2
 Wereblood                Tmut           0%         N/A       50%         2
 Conjure Flame            Conj/Fire      0%         6-21      75%         3
 Ignite Poison            Fire/Tmut/Pois 0%         N/A       75%         3
 Animate Dead             Necr           0%         N/A       98%         4
 Sticky Flame             Conj/Fire      0%         2d3       98%         4
 Borgnjor's Vile Clutch   Necr/Erth      0%         N/A       100%        5
 Death Channel            Necr           0%         N/A       100%        6
 Summon Hydra             Summ           0%         N/A       100%        7


Dungeon Overview and Level Annotations

Branches:
Dungeon (7/15)             Temple (0/1) D:6

Altars:
Kikubaaqudgha
Xom
The Shining One

Shops:
D:4 [

Annotations:
D:7 7 runed translucent doors, Harold; spaghetti's ghost, weakling OgDe


Innate Abilities, Weirdness & Mutations

You cannot wear most types of armour.
You are amphibious.
You can wear up to eight rings at the same time.
Your skin changes colour to match your surroundings (Stealth+).
Your rubbery body absorbs attacks. (AC +1, EV +1)
((You are camouflaged near water. (Stealth+)))
You have tentacles for arms and can constrict up to eight enemies at once.
Your flesh is heat resistant. (rF+)
You are strong-willed. (Will+)
Your muscles are strong. (Str +2)
You expend magic power (3 MP) to strengthen your wands.


Message History

You feel mightier all of a sudden. The orc closely misses you.
You block the gnoll's attack.
You slash the orc!
You kill the orc!
The gnoll misses you.
Items here: )))) [[ ††††.
You hit the gnoll. Your grab misses the gnoll. You squeeze the gnoll.
The gnoll is severely wounded.
You slash the gnoll!
You kill the gnoll!
The ice beast misses you.
You slash the ice beast! You squeeze the ice beast.
The ice beast is heavily wounded.
The ice beast completely misses you.
You slice the ice beast!!
You kill the ice beast!
The orc wizard gestures at you while chanting.
The puff of flame hits you. You resist.
Your Stealth skill increases to level 9!
The orc wizard hits you with a +0 dagger.
You slash Harold! Your grab misses Harold.
Harold is moderately wounded.
Harold casts a spell at you. A sentinel's mark forms upon you.
The orc wizard misses you.
You barely miss Harold. You grab Harold.
Harold is moderately wounded.
You constrict Harold. Harold completely misses you.
The orc wizard closely misses you.
You release your grip on Harold.
You block Harold's attack.
Items here: )) [ †.
You hit the orc wizard but do no damage.
Your grab misses the orc wizard. Your squeeze misses the orc wizard.
Harold closely misses you. You block the orc wizard's attack.
You slash the orc wizard!
You kill the orc wizard!
Harold hits you from afar with a +0 halberd!!
* * * LOW HITPOINT WARNING * * *
The gnoll misses you. Harold hits you with a +0 halberd!!
You die...

#)#.##..#.[...#.....#
).#.##..#(...W#...[.#
..#.##..+..(..#.....####
#.......+....(#........#
#....#..+.(...#........#
#.##....#...♣.#.......##
#.#.....#(..(.#ZZ..)..###.
#.#.##.#########@g........
#.#.##.#.#######@#.######
#.#.##.#.....†)))#.#
#.#.##...#########.# #
#.##.#(..........# #
#.####.########### #
#.#............
#.#.########### #.#.#
#...#


You could see Harold, a gnoll, a hornet zombie and a centaur skeleton.

Vanquished Creatures
  An ugly thing (D:7)
  A hornet (D:5)
  Sigmund (D:5)
  A wraith (D:5)
  Eustachio (D:6)
  Edmund (D:4)
  2 water moccasins
  An orc warrior (D:5)
  2 sky beasts
  2 ice beasts
  A hornet zombie (D:7)
  A necrophage (D:5)
  An ogre (D:2)
  A centaur (D:5)
  A phantom (D:6)
  A gnoll sergeant (D:5)
  4 scorpions
  A wyvern skeleton (D:5)
  A wight (D:5)
  A bullfrog zombie (D:4)
  A centaur zombie (D:6)
  A centaur skeleton (D:5)
  A gnoll shaman (D:7)
  4 hounds
  2 scorpion zombies
  Ijyb (D:4)
  11 orc wizards
  3 iguanas
  A howler monkey zombie (D:5)
  3 gnolls (D:7)
  9 adders
  A shadow imp (D:5)
  An ufetubus (D:6)
  3 adder zombies (D:4)
  An adder skeleton (D:4)
  2 worms
  5 dart slugs
  15 orcs
  6 endoplasms
  3 giant cockroaches
  5 hobgoblins
  3 ball pythons
  5 bats
  2 frilled lizards
  2 goblins (D:4)
  2 kobolds
  A quokka skeleton (D:4)
  A quokka zombie (D:4)
  4 rats
125 creatures vanquished.

Vanquished Creatures (others)
  2 fungi (D:2)
  2 plants (D:2)
4 creatures vanquished.

Grand Total: 129 creatures vanquished

Notes
Turn   | Place    | Note
-------+----------+-------------------------------------------
     0 | D:1      | SensoryNuts the Octopode Fighter began the quest for the
                  | Orb.
     0 | D:1      | Reached XP level 1. HP: 16/16 MP: 1/1
   424 | D:1      | You fall into a shaft and drop 1 floor!
   443 | D:2      | Reached XP level 2. HP: 17/21 MP: 2/2
   743 | D:2      | Reached XP level 3. HP: 26/26 MP: 3/3
   755 | D:2      | Noticed an ogre
   765 | D:2      | Killed an ogre
   766 | D:2      | Reached XP level 4. HP: 5/33 MP: 4/4
   818 | D:2      | Found a faded altar of an unknown god.
   862 | D:2      | Reached XP level 5. HP: 14/37 MP: 5/5
  1076 | D:2      | Gained mutation: Your flesh is heat resistant. (rF+)
                  | [potion of mutation]
  1076 | D:2      | Gained mutation: You expend magic power (3 MP) to
                  | strengthen your wands. [potion of mutation]
  1076 | D:2      | Gained mutation: You are strong-willed. (Will+) [potion of
                  | mutation]
  1076 | D:2      | Gained mutation: Your muscles are strong. (Str +2) [potion
                  | of mutation]
  1669 | D:3      | Found a shimmering altar of Xom.
  2701 | D:4      | Noticed Ijyb
  2708 | D:4      | Paralysed by Ijyb for 7 turns
  2720 | D:4      | Killed Ijyb
  2869 | D:4      | Found Niuttys's Armour Shoppe.
  2886 | D:4      | Reached XP level 6. HP: 35/43 MP: 6/6
  3341 | D:4      | Noticed Edmund
  3364 | D:4      | Killed Edmund
  3365 | D:4      | Reached XP level 7. HP: 26/49 MP: 7/7
  3547 | D:4      | Reached skill level 5 in Long Blades
  4169 | D:5      | Entered Level 5 of the Dungeon
  4308 | D:5      | Noticed Sigmund
  4318 | D:5      | Killed Sigmund
  4319 | D:5      | Reached skill level 5 in Fighting
  4319 | D:5      | Reached skill level 5 in Stealth
  4319 | D:5      | Reached XP level 8. HP: 55/55 MP: 8/8
  4720 | D:5      | Identified the +2 ring mail of Grottiness {rPois rF+}
  4903 | D:5      | Noticed a hornet
  4912 | D:5      | Killed a hornet
  4984 | D:5      | Noticed a wraith
  4998 | D:5      | Killed a wraith
  4999 | D:5      | Reached skill level 5 in Dodging
  4999 | D:5      | Reached XP level 9. HP: 44/61 MP: 9/9
  5341 | D:6      | Noticed Eustachio
  5488 | D:6      | Found a staircase to the Ecumenical Temple.
  5498 | D:6      | Killed Eustachio
  5697 | D:6      | Found a glowing golden altar of the Shining One.
  5990 | D:7      | Found an ancient bone altar of Kikubaaqudgha.
  6076 | D:7      | Found a large runed translucent door.
  6078 | D:7      | Found a large runed translucent door.
  6082 | D:7      | Noticed a two-headed ogre
  6093 | D:7      | Found a large runed translucent door.
  6093 | D:7      | Found a large runed translucent door.
  6128 | D:7      | Found a runed translucent gate.
  6128 | D:7      | Found a runed translucent gate.
  6128 | D:7      | Found a runed translucent gate.
  6133 | D:7      | Noticed spaghetti's ghost (weakling OgDe)
  6188 | D:7      | Noticed a cyan ugly thing
  6205 | D:7      | Killed a cyan ugly thing
  6207 | D:7      | Noticed Harold
  6230 | D:7      | Reached XP level 10. HP: 54/69 MP: 10/10
  6251 | D:7      | Mangled by Harold

Illustrated notes

Levels and vault maps discovered:
D:1:      dpeg_arrival_leaves_temple_mockup, layout_loops_corners,
          kennysheep_another_room
D:2:      layout_basic, dreamdust_ecumenical_altar_grove
D:3:      layout_loops_corners, general_overflow_altar
D:4:      layout_basic, serial_shops, shop, serial_undead, serial_undead_e,
          serial_undead_b, serial_undead_a, serial_undead_c,
          minmay_a_box_with_orc_wizards_in_it, uniq_edmund, uniq_ijyb
D:5:      cheibrodos_barr_body, layout_basic, uniq_sigmund
D:6:      layout_rooms, old_standard_altar, minmay_temple_entry_hall,
          minivault_23, minmay_misc_feat_plants, hellmonk_bongcloud_opening,
          uniq_eustachio
D:7:      layout_basic, nicolae_overflow_crystal_walls,
          nicolae_kikubaaqudgha_miasma_corner, yredelemnul_altar_generic,
          serial_shops, shop, ebering_ghost_rock_garden,
          corexii_leaking_fountain, grunt_ministairs_7,
          minmay_hollow_rounded_squares, uniq_harold, uniq_crazy_yiuf_cottage

Skill      XL: |  1  2  3  4  5  6  7  8  9 10 |
---------------+-------------------------------+-----
Long Blades    | 3 4 6 7 9 |  9.7
Stealth        | 2 3 4 5 7 8 9 |  9.0
Fighting       | 4 5 6 |  6.4
Dodging        | 4 5 |  5.8
Shields        | 4 |  4.4

Action                   |  1- 3 |  4- 6 |  7- 9 | 10-12 || total
-------------------------+-------+-------+-------+-------++-------
Melee: Long sword        |    32 |    91 |   117 |       ||   240
       Constrict         |     7 |    22 |    35 |     3 ||    67
       Tentacles         |     6 |    15 |    40 |     4 ||    65
       Falchion          |       |       |    46 |    13 ||    59
  Use: Potion            |     1 |     1 |     9 |     1 ||    12
       Scroll            |       |     6 |     6 |       ||    12
 Stab: Sleeping          |     5 |     8 |    12 |       ||    25
       Distracted        |       |       |     1 |       ||     1
Armor: Skin              |       |     6 |     2 |       ||     8
Dodge: Dodged            |    16 |    57 |    98 |    11 ||   182
Block: Buckler           |     7 |    15 |    24 |     3 ||    49

Table legend: (Time is in decaauts)
 A = Elapsed time spent in this place.
 B = Non-inter-level travel time spent in this place.
 C = Inter-level travel time spent in this place.
 D = Time resting spent in this place.
 E = Time spent auto-exploring this place.
 F = Levels seen in this place.
 G = Mean time per level.
                   A        B        C        D        E       F      G
               +--------+--------+--------+--------+--------+-----+--------+
         Total |   6297 |   5803 |    494 |      0 |   4668 |   7 |  899.6 |
       Dungeon |   6297 |   5803 |    494 |      0 |   4668 |   7 |  899.6 |
               +--------+--------+--------+--------+--------+-----+--------+

Top non-repeatable levels by time:
     D:4: 1620 daAuts
     D:5: 1181 daAuts
     D:2: 1165 daAuts
     D:3: 988 daAuts
     D:6: 660 daAuts
     D:1: 426 daAuts
     D:7: 253 daAuts
